 Dungeon Crawl Stone Soup version 0.27.1-33-g824d729ab1 (webtiles) character file.

Game seed: 2880390459069603500

97 Domzy the Chopper (level 4, 0/36 HPs)
             Began as a Demonspawn Fighter on Dec 11, 2021.
             Succumbed to an adder's poison
             ... on level 4 of the Dungeon.
             The game lasted 00:07:51 (3284 turns).

Domzy the Chopper (Demonspawn Fighter)              Turns: 3284, Time: 00:07:51

Health: 0/36       AC: 12    Str: 18    XL:     4   Next: 42%
Magic:  4/4        EV:  2    Int:  9    God:
Gold:   86         SH: 13    Dex: 12    Spells: 3/3 levels left

rFire    . . .     SeeInvis .   a - +0 war axe
rCold    . . .     Faith    .   c - +0 kite shield
rNeg     . . .     Spirit   .   m - +0 plate armour
rPois    .         Reflect  .   (no helmet)
rElec    .         Harm     .   (no cloak)
rCorr    .         Rampage  .   (no gloves)
Will     .....                  (no boots)
Stlth    ..........             (no amulet)
HPRegen  0.12/turn              (no ring)
MPRegen  0.09/turn              (no ring)

@: lethally poisoned (0 -> -2)
A: rugged brown scales 1, condensation shield
a: no special abilities


You were on level 4 of the Dungeon.
You visited 1 branch of the dungeon, and saw 4 of its levels.

You collected 108 gold pieces.
You spent 22 gold pieces at shops.

Inventory:

Hand Weapons
 a - a +0 war axe (weapon)
Missiles
 l - 2 throwing nets (quivered)
Armour
 b - a +0 scale mail
 c - a +0 kite shield (worn)
 m - a +0 plate armour (worn)
Jewellery
 n - a ring of see invisible
Scrolls
 e - 3 scrolls of fear
 i - a scroll of enchant weapon {unknown}
 j - a scroll of amnesia {unknown}
Potions
 d - a potion of might
 f - 2 potions of heal wounds
 g - a potion of resistance {unknown}
 h - a potion of lignification {unknown}
 k - a potion of flight {unknown}


   Skills:
 - Level 3.1 Fighting
 * Level 4.0 Axes
 - Level 2.7 Armour
 - Level 2.8 Shields


You had 3 spell levels left.
You didn't know any spells.
Your spell library contained the following spells:

 Spells                   Type           Power      Damage    Failure   Level
 Sublimation of Blood     Necr           0%         N/A       100%        2
 Petrify                  Tmut/Erth      0%         N/A       100%        4
 Irradiate                Conj/Tmut      0%         3d13      100%        5


Dungeon Overview and Level Annotations

Branches:
Dungeon (4/15)
 Temple: D:4-7

Altars:
Vehumet
The Shining One

Shops:
D:3 ?


Innate Abilities, Weirdness & Mutations

You are partially covered in rugged brown scales. (AC +1, +3% HP)
A meltable shield of frost defends you. (SH +4)


Message History

The adder is lightly wounded.
You barely miss the adder.
You feel sick. You block the adder's attack. The adder barely misses you.
The adder bites you but does no damage. You block the adder's attack.
You hit the adder.
The adder is heavily wounded.
You miss the adder.
You feel sick. You block the adder's attack.
The adder bites you but does no damage. You block the adder's attack.
You miss the adder.
The adder is lightly wounded.
You closely miss the adder.
You feel sick. The adder bites you but does no damage.
You block the adder's attack. x2
The adder bites you but does no damage.
You miss the adder.
The adder is heavily wounded.
You miss the adder.
You feel sick.
You are no longer poisoned.
You block the adder's attack. The adder barely misses you.
The adder bites you but does no damage. The adder bites you.
You are poisoned.
The adder poisons you! The adder bites you.
You are lethally poisoned!
The adder poisons you!
* * * LOW HITPOINT WARNING * * *
You feel very sick. You block the adder's attack. x2
* * * LOW HITPOINT WARNING * * *
You feel very sick.
* * * LOW HITPOINT WARNING * * *
You feel sick.
* * * LOW HITPOINT WARNING * * *
You feel sick. You block the adder's attack.
* * * LOW HITPOINT WARNING * * *
You feel sick.
* * * LOW HITPOINT WARNING * * *
You feel sick. You block the adder's attack.
* * * LOW HITPOINT WARNING * * *
You feel sick. The adder bites you but does no damage.
There is a stone staircase leading up here.
You die...

.. ...
...##+########
.............#
.............#
.............+
#)...........#
#.##..@S..###
#..S.#.# .
#....#.# ..
#......# ...
.#......# ....
........# S....
##..##+#.#......
.........S.....
......#........


You could see 2 adders.

Vanquished Creatures
  5 adders
  2 worms (D:2)
  A dart slug (D:2)
  2 bats
  2 endoplasms (D:2)
  5 goblins
  4 hobgoblins
  3 jackals (D:1)
  2 quokkas (D:2)
  5 ball pythons
  5 frilled lizards
  3 kobolds
  6 rats
45 creatures vanquished.

Notes
Turn   | Place    | Note
-------+----------+-------------------------------------------
     0 | D:1      | Domzy the Demonspawn Fighter began the quest for the Orb.
     0 | D:1      | Reached XP level 1. HP: 18/18 MP: 1/1
   205 | D:2      | Reached skill level 2 in Axes
   295 | D:1      | Gained mutation: A meltable shield of frost defends you.
                  | (SH +4) [demonic ancestry]
   295 | D:1      | Reached XP level 2. HP: 22/24 MP: 2/2
   531 | D:1      | Found a faded altar of an unknown god.
  1590 | D:2      | Gained mutation: You are partially covered in rugged brown
                  | scales. (AC +1, +3% HP) [demonic ancestry]
  1590 | D:2      | Reached XP level 3. HP: 21/29 MP: 3/3
  1607 | D:2      | Reached skill level 3 in Axes
  2577 | D:3      | Reached XP level 4. HP: 36/36 MP: 4/4
  2594 | D:3      | Found a radiant altar of Vehumet.
  2877 | D:3      | Found Caicen's Magic Scroll Emporium.
  2881 | D:3      | Bought a scroll of identify for 22 gold pieces
  2901 | D:3      | Reached skill level 4 in Axes
  3282 | D:4      | HP: 1/36 [poisoned by an adder]
  3284 | D:4      | Succumbed to an adder's poison

Illustrated notes

Levels and vault maps discovered:
D:1:      dpeg_arrival_simpleton_a, layout_basic, shapermc_ecumenical_altar_venn
D:2:      layout_basic
D:3:      layout_loops_ring, tso_altar, mainiacjoe_overflow_paths, serial_shops,
          nicolae_shop_trees
D:4:      layout_basic, lightli_ossuary_entry_decrepit_ruins

Skill      XL: |  1  2  3  4 |
---------------+-------------+-----
Axes           | 2 3 4 |  4.0
Fighting       | |  3.1
Armour         | |  2.7
Shields        | |  2.8

Action                   |  1- 3 |  4- 6 || total
-------------------------+-------+-------++-------
Melee: War axe           |   124 |    32 ||   156
  Use: Scroll            |       |     2 ||     2
Armor: Scale mail        |    41 |     8 ||    49
       Plate armour      |       |     9 ||     9
Dodge: Dodged            |    28 |    12 ||    40
Block: Kite shield       |    88 |    36 ||   124
